cohdb
Replays
Latest Replays
All Replays
Popular Replays
Top Player Replays
Match Explorer
How It Works
Community
CoH3 Stats
Reddit
Sign in to upload your games and track your stats! →
Sign in with Steam
Match 43460555
Unlisted
Match 43460555
Overview
Messages
Build Orders
End
Kradschützen Motorcycle Team
Selects Italian Combined Arms Battlegroup
Selects Bersaglieri Squad
Bersaglieri Squad
Panzergrenadier Squad
Bersaglieri Squad
Construct Light Support Kompanie
Fire Support Elements
MG34 Team
Selects Bersaglieri Bolster
Flakvierling Half-track
Pak 38 Mechanized Group
Vehicle Survival Package
Selects Breda Model 30 Light Machine Guns
Veteran Squad Leaders
Construct Panzerarmee Kommand
Selects Semovente da 75/18 Assault Gun
Selects Semovente da 75/18 Assault Gun
Walking Stuka Rocket Launcher
Selects Strafing Run
Strafing Run
2.5-tonne Medical Truck
Emergency Repair Kits
Armored Reserves
Selects Artillery Cover
StuG Assault Group
Tungsten Core Ammunition
Artillery Cover
Strafing Run
Schorschl
Bouss
Olg
rocketpossum
0
0
Comments
sign in to comment!
No comments posted yet!